 Dungeon Crawl Stone Soup version 0.18.1-48-g4cf74bf (webtiles) character file.

144 Gadfly the Shield-Bearer (level 5, -14/46 HPs)
             Began as a Hill Orc Fighter on July 7, 2016.
             Killed by nerve-wracking pain
             ... invoked by Grinder
              (16 damage)
             ... on level 3 of the Dungeon.
             The game lasted 00:04:39 (1795 turns).

Gadfly the Shield-Bearer (Hill Orc Fighter)         Turns: 1795, Time: 00:04:40

Health: -14/46     AC:  9    Str: 26    XL:     5   Next: 27%
Magic:  5/5        EV:  8    Int: 10    God:
Gold:   90         SH: 10    Dex: 11    Spells: 0 memorised, 4 levels left

rFire  . . .     SeeInvis .     a - +0 war axe
rCold  . . .     Gourm    .     b - +0 scale mail
rNeg   . . .     Faith    .     c - +0 shield
rPois  +         Spirit   .     (no helmet)
rElec  .         Dismiss  .     o - +0 cloak
rCorr  .         Reflect  .     i - +0 pair of gloves
SustAt .         Harm     +     (no boots)
MR     .....     Rnd*Rage +     n - amulet of harm
Stlth  ..........               (no ring)
                                k - +2 ring of intelligence

@: mighty, not resistant to hostile enchantments, extremely unstealthy
A: berserk 1, poison resistance, strong 1
a: no special abilities


You were on level 3 of the Dungeon.
You were not hungry.

You visited 1 branch of the dungeon, and saw 3 of its levels.

You collected 90 gold pieces.

Inventory:

Hand Weapons
 a - a +0 war axe (weapon)
Missiles
 e - 69 stones (quivered)
Armour
 b - a +0 scale mail (worn)
 c - a +0 shield (worn)
 i - a +0 pair of gloves (worn)
 o - a +0 cloak (worn)
Jewellery
 h - an uncursed amulet of magic regeneration
 k - a +2 ring of intelligence (left hand)
 n - an amulet of harm (around neck)
Comestibles
 f - 5 bread rations
 g - a chunk of flesh
 j - 2 slices of pizza
 l - 4 fruits
 m - a meat ration


   Skills:
 + Level 4.0 Fighting
 + Level 3.8 Axes
 * Level 1.8 Throwing
 + Level 3.7 Armour
 + Level 1.0 Dodging
 + Level 4.2 Shields


You had 4 spell levels left.
You didn't know any spells.

Dungeon Overview and Level Annotations

Branches:
Dungeon (3/15)

Altars:
Ru

Annotations:
D:3 Grinder


Innate Abilities, Weirdness & Mutations

You tend to lose your temper in combat.
Your system is resistant to poisons.
Your muscles are strong. (Str +2)


Message History

Grinder is heavily wounded.
Grinder hits you but does no damage.
You hit Grinder.
Grinder is heavily wounded.
Grinder hits you.
* * * LOW HITPOINT WARNING * * *
You writhe in agony.
* * * LOW HITPOINT WARNING * * *
You block Grinder's attack.
Read which item? (? for menu, Esc to quit)
As you read the scroll labeled GAIDWU JEJASS, it crumbles to dust.
It is a scroll of recharging.
You aren't carrying any rechargeable items.
Grinder hits you but does no damage.
You slash Grinder!
Grinder is almost dead.
Grinder blinks!
Grinder gestures at you. Pain shoots through your body!
You die...

#.#####.##.
##########.##.......
###.............##.##.
#....5######.#####.###
#.#.#.# #.......# #
#.#.#.# ######### #
#.#...# # #.#...#
####### ### #....@##
#.....# #.. #..#.†.#
#.....# #.. #.#.#..#
#.....# #.. #.#...#.#
#.....# ##. #)#.... #.
#.....# #. #.#.≈≈≈
.####.###### #. #≈...
.# #.......# #. #≈._.
.# #..####<# #. #≈...
#<...##.###.


You could see Grinder.

Vanquished Creatures
  5 adders
  4 oozes
  A dart slug (D:2)
  3 giant geckos
  5 giant cockroaches
  8 goblins
  10 hobgoblins
  7 jackals
  2 ball pythons
  11 bats
  4 giant newts
  3 kobolds
  11 rats
74 creatures vanquished.

Notes
Turn   | Place    | Note
--------------------------------------------------------------
     0 | D:1      | Gadfly the Hill Orc Fighter began the quest for the Orb.
     0 | D:1      | Reached XP level 1. HP: 19/19 MP: 1/1
    82 | D:1      | Reached XP level 2. HP: 26/26 MP: 2/2
   187 | D:1      | Reached XP level 3. HP: 25/33 MP: 3/3
   196 | D:1      | Reached skill level 1 in Throwing
   843 | D:2      | Gained mutation: You tend to lose your temper in combat. [potion of mutation]
   843 | D:2      | Gained mutation: Your system is resistant to poisons. [potion of mutation]
   843 | D:2      | Gained mutation: Your muscles are strong. (Str +2) [potion of mutation]
   859 | D:2      | Reached XP level 4. HP: 38/40 MP: 4/4
  1380 | D:2      | Reached skill level 1 in Dodging
  1498 | D:3      | Reached XP level 5. HP: 40/46 MP: 5/5
  1765 | D:3      | Noticed Grinder
  1766 | D:3      | Found a sacrificial altar of Ru.
  1767 | D:3      | Paralysed by Grinder for 2 turns
  1777 | D:3      | Paralysed by Grinder for 4 turns
  1792 | D:3      | HP: 1/46 [Grinder (2)]
  1795 | D:3      | Killed from afar by Grinder

Skill      XL: |  1  2  3  4  5 |
---------------+----------------+-----
Throwing       | 1 |  1.8
Axes           | 3 |  3.8
Shields        | 4 |  4.2
Dodging        | 1 |  1.0
Fighting       | 4 |  4.0
Armour         | |  3.7

Action                   |  1- 3 |  4- 6 || total
-------------------------+-------+-------++-------
Melee: War axe           |   106 |   106 ||   212
Throw: Stone             |       |     2 ||     2
  Use: Scroll            |     1 |     3 ||     4
       Potion            |     2 |     2 ||     4
 Stab: Invisible         |     4 |       ||     4
  Eat: Chunk             |       |     3 ||     3
Armor: Scale mail        |    48 |    65 ||   113
Dodge: Dodged            |    41 |    38 ||    79
Block: Shield            |    59 |    62 ||   121
